 Dungeon Crawl Stone Soup version 0.21.1 (webtiles) character file.

142564 Kylie the Fighter (level 17, -1/94 HPs)
             Began as a Vine Stalker Abyssal Knight on Feb 4, 2018.
             Was the Champion of Lugonu.
             Slain by a peacekeeper (4 damage)
             ... in the Desolation of Salt.
             The game lasted 01:46:51 (22754 turns).

Kylie the Fighter (Vine Stalker Abyssal Knight)    Turns: 22754, Time: 01:46:51

Health: -1/94      AC: 16    Str: 31      XL:     17   Next: 35%
Magic:  0/26       EV: 16    Int:  7 (10) God:    Lugonu [******]
Gold:   1939       SH:  8    Dex: 15 (16) Spells: 13/22 levels left

rFire    + + +     SeeInvis +   C - +8 morningstar of Cyilego {crush, rF+ rC+ MR+ Dex-5}
rCold    + + .     Gourm    .   o - +2 buckler
rNeg     . . .     Faith    .   T - +4 ring mail "Evyt" {MR+ Stlth+}
rPois    +         Spirit   +   s - +2 hat
rElec    .         Reflect  .   W - scarf {rC+ rF+}
rCorr    +         Harm     .   e - +2 pair of gloves {Str+3}
MR       ++...                  (no boots)
Stlth    +++++.....             z - amulet of Ocoluro {Regen+ Str+2}
HPRegen  1.45/turn              f - ring "Zait" {rCorr rPois}
MPRegen  0.20/turn              l - ring "Ynkaigol" {+Inv Str+3 Dex+3 SInv}

@: mighty, about to teleport, vulnerable, barbed spikes
A: fangs 3, dopey 1, fire resistance 1, regeneration 2, magic shield, antimagic
bite, no potion heal 3, rot immunity
a: Depart the Abyss, Bend Space, Banish, Corrupt, Enter the Abyss, Brand Weapon
With Distortion, Renounce Religion, Evoke Invisibility


You were in the Desolation of Salt.
You worshipped Lugonu.
Lugonu was exalted by your worship.
You were hungry.

You visited 4 branches of the dungeon, and saw 24 of its levels.
You visited the Abyss 1 time.
You also visited: Labyrinth, Sewer and Desolation.

You collected 2311 gold pieces.
You spent 372 gold pieces at shops.

Inventory:

Hand Weapons
 d - a +2 falchion of draining
 C - the +8 morningstar of Cyilego (weapon) {crush, rF+ rC+ MR+ Dex-5}
   (You took it off a minotaur in a labyrinth)

   It inflicts extra damage upon your enemies.
   It affects your dexterity (-5).
   It protects you from fire.
   It protects you from cold.
   It affects your resistance to hostile enchantments.
Missiles
 P - a throwing net (quivered)
Armour
 e - a +2 pair of gloves of strength (worn)
 o - a +2 buckler (worn)
 s - a +2 hat (worn)
 T - the +4 ring mail "Evyt" (worn) {MR+ Stlth+}
   (You found it on level 8 of the Dungeon)

   It affects your resistance to hostile enchantments.
   It makes you more stealthy.
 W - a scarf of resistance (worn)
 X - a +2 cloak of poison resistance
Jewellery
 f - the ring "Zait" (left hand) {rCorr rPois}
   (You bought it in a shop on level 2 of the Orcish Mines)

   [ring of resist corrosion]

   It protects you from poison.
 l - the ring "Ynkaigol" (right hand) {+Inv Str+3 Dex+3 SInv}
   (You found it in the Desolation of Salt)

   [ring of see invisible]

   It affects your strength (+3).
   It affects your dexterity (+3).
   It lets you see invisible.
   It lets you turn invisible.
 x - an uncursed ring of protection from magic
 z - the amulet of Ocoluro (around neck) {Regen+ Str+2}
   (You took it off a minotaur in a labyrinth)

   [amulet of regeneration]

   It affects your strength (+2).
   It increases your rate of regeneration.
 G - a +4 ring of evasion
 I - the ring "Xoihecex" {Fire rElec rPois Int-4 Stlth+, unknown}
   (You took it off an ironbrand convoker in the Desolation of Salt)

   [ring of fire]

   It enhances your fire magic.
   It affects your intelligence (-4).
   It protects you from fire.
   It makes you vulnerable to cold.
   It insulates you from electricity.
   It protects you from poison.
   It makes you more stealthy.
 U - an uncursed ring of stealth
 V - an uncursed ring of resist corrosion
Wands
 a - a wand of polymorph (25)
 O - a wand of random effects (12)
 Y - a wand of disintegration (4)
 Z - a wand of digging (15)
Scrolls
 g - 4 scrolls of enchant weapon
 j - 5 scrolls of remove curse
 k - 4 scrolls of magic mapping
 n - 3 scrolls of amnesia
 p - 2 scrolls of blinking
 q - a scroll of holy word
 u - 4 scrolls of immolation
 v - 5 scrolls of teleportation
 w - a scroll of identify
 E - 3 scrolls of silence
 R - 3 scrolls of enchant armour
 S - 4 scrolls of summoning
Potions
 i - a potion of brilliance
 m - 10 potions of curing
 r - 2 potions of berserk rage
 t - 2 potions of might
 B - 3 potions of lignification
 D - 3 potions of haste
 H - 5 potions of magic
 J - a potion of mutation
 K - a potion of flight
 L - 2 potions of cancellation
 Q - 4 potions of ambrosia
Books
 A - Ohuudgh's Papyrus of Mutagenic Lightness
   (You found it in the Desolation of Salt)

   Spells                             Type                      Level
   a - Swiftness                      Charms/Air                   2
   b - Passwall                       Transmutation/Earth          2
   c - Lightning Bolt                 Conjuration/Air              5
   d - Deflect Missiles               Charms/Air                   6
   e - Statue Form                    Transmutation/Earth          6
Miscellaneous
 b - a fan of gales
 y - a lightning rod (inert)
Comestibles
 c - 26 rations


   Skills:
 * Level 12.7 Fighting
 - Level 8.9 Long Blades
   Level 1.2(7.3) Axes
 * Level 11.3 Maces & Flails
 * Level 7.7 Armour
 * Level 7.5 Dodging
 - Level 11.1 Stealth
 - Level 7.1 Shields
 - Level 3.0 Spellcasting
 - Level 2.6 Conjurations
 - Level 2.6 Air Magic
 - Level 2.6 Poison Magic
 + Level 10.6 Invocations
 + Level 8.0 Evocations


You had 13 spell levels left.
You knew the following spells:

 Your Spells              Type           Power        Failure   Level  Hunger
a - Mephitic Cloud        Conj/Pois/Air  #.......     41%         3    ####...
b - Freezing Cloud        Conj/Ice/Air   #.........   100%        6    #######


Dungeon Overview and Level Annotations

Branches:
Dungeon (15/15)            Temple (0/1) D:7            Lair (6/6) D:11
 Shoals (0/4) Lair:3       Spider (0/4) Lair:2          Orc (2/2) D:11
    Elf (1/3) Orc:2        Vaults (0/5) D:14         Depths (0/5) D:15
  Slime: Lair:5-6

Altars:
Cheibriados
Dithmenos
Fedhas
Hepliaklqana
Kikubaaqudgha
Makhleb
Nemelex Xobeh
Qazlal
Ru
Sif Muna
Trog
Uskayaw
Xom
Yredelemnul
Zin
The Shining One
Beogh

Shops:
D:6 *   D:10 }   Orc:2 ?=((

Annotations:
D:2 exclusion: oklob plant
Elf:1 Azrael Desolation corrupted


Innate Abilities, Weirdness & Mutations

You have razor-sharp teeth.
You heal very quickly.
When hurt, damage is shared between your health and your magic reserves.
Your bite disrupts and absorbs the magic of your enemies.
Potions cannot restore your health.
You are immune to rotting.
You are dopey. (Int -2)
Your flesh is heat resistant. (rF+)


Message History

The peacekeeper barely misses you. The peacekeeper closely misses you.
You miss the imperial myrmidon. Your bite misses the imperial myrmidon.
The imperial myrmidon is almost dead.
The peacekeeper bites you but does no damage.
The peacekeeper closely misses you.
The imperial myrmidon gestures at you while chanting.
Your body is wracked with pain!
* * * LOW HITPOINT WARNING * * *
The saltling hits you.
* * * LOW HITPOINT WARNING * * *
The saltling barely misses you.
The peacekeeper bites you but does no damage.
The peacekeeper completely misses you. The servant of whispers misses you.
Unknown command.
You barely miss the imperial myrmidon. Your bite misses the imperial myrmidon.
The imperial myrmidon is almost dead.
The peacekeeper bites you!
* * * LOW HITPOINT WARNING * * *
The peacekeeper claws you.
You die...

§§§.8...p.§§§§§§§§§§§§..........#
§§.§.......§§§§§§§§§.§.......§...
§§§§.......§§§§§§§§.§§...........
..§§....#.§§§§§§§§§§§§§..........
§.§....##...§§§§§§§§§§...........
§.§..........§§§§§§§§§...........
..§..........§§§§§§.§§...........
.§.§.........§§8§8§..§§§.........
..............§8@pp§.§§§§§§§.....
..##..........§8.§§§§§§§§.§§.....
.###..............§.§§§§§§§§.....
..............)...§§§§§§§§§§.....
.............#....§§§§§§§§§§§....
.................§8§§§§§ §§§§..#
..................§§§§...........
....∩88.§..........§§........§...
........§.§......§...............


You could see a servant of whispers, an imperial myrmidon, 2 peacekeepers and 3
saltlings.

Vanquished Creatures
  Gastronok (D:10)
  A fire giant (D:15)
  An imperial myrmidon (Desolation)
  Nessos (Lair:4)
  An ettin (D:13)
  A minotaur (Lab)
  7 ragged hierophants
  5 hydras
  4 peacekeepers (Desolation)
  3 servants of whispers (Desolation)
  A centaur warrior (D:15)
  8 two-headed ogres
  A dancing weapon (Elf:1)
  4 orc high priests (Orc:2)
  Sonja (Lair:3)
  3 deep elf knights (Elf:1)
  6 skeletal warriors
  3 unseen horrors
  A deep elf archer (Elf:1)
  2 ironbrand convokers (Desolation)
  2 lindwurms
  4 orc knights (Orc:2)
  A wolf spider (D:15)
  12 deep elf magi
  2 orc sorcerers (Orc:2)
  An orb spider (Lair:2)
  A wolf spider zombie (D:14)
  6 elephants
  13 ugly things
  5 slime creatures (D:15)
  2 cyclopes
  3 manticores
  Maurice (D:10)
  4 black mambas
  2 guardian serpents (Desolation)
  Psyche (D:10)
  Joseph (D:10)
  2 gargoyles
  A molten gargoyle (Lair:1)
  19 spiny frogs
  A rime drake (Lair:3)
  9 komodo dragons
  A kobold demonologist (D:11)
  A tengu conjurer (D:15)
  7 trolls
  A merfolk (D:11)
  4 hornets (Lair:6)
  A polar bear (Lair:6)
  38 saltlings
  A meliai zombie (D:14)
  14 blink frogs
  13 hippogriffs
  An air elemental (Elf:1)
  14 spriggans
  A vampire (D:14)
  4 shadows (D:15)
  9 wyverns
  3 water elementals
  2 fire elementals (Elf:1)
  3 wraiths
  2 redbacks (Lab)
  42 yaks
  2 hogs (D:11)
  2 fire bats (Lair:1)
  3 basilisks
  A hog (shapeshifter) (D:14)
  4 vampire mosquitoes (D:13)
  2 hungry ghosts
  18 water moccasins
  10 porcupines
  Purgy (Sewer)
  15 black bears
  3 ice beasts
  18 orc warriors
  A sky beast (D:15)
  A hornet zombie (D:8)
  2 eyes of draining
  A necrophage (D:11)
  2 phantoms
  5 boggarts (Lair:6)
  17 wolves
  5 ogres
  13 centaurs
  13 crocodiles
  29 bullfrogs
  3 earth elementals
  4 big kobolds
  3 gnoll sergeants
  2 wyvern zombies
  A water moccasin skeleton (D:8)
  3 scorpions
  6 killer bees
  3 wights
  5 electric eels
  9 crimson imps
  4 lava snakes (Lab)
  3 howler monkeys (D:7)
  5 centaur zombies
  7 jellies
  17 orc priests
  2 bullfrog skeletons
  2 gnoll shamans
  2 iguanas
  3 centaur skeletons
  7 hounds
  23 orc wizards
  9 worker ants
  An ogre skeleton (Lab)
  A hound zombie (D:6)
  A hound skeleton (D:4)
  A howler monkey zombie (D:8)
  19 gnolls
  17 adders
  6 river rats (D:6)
  3 shadow imps
  An ooze (D:1)
  2 adder skeletons
  An adder zombie (D:5)
  4 worms
  3 dart slugs
  4 leopard geckos
  42 orcs
  7 giant cockroaches
  13 goblins
  7 hobgoblins
  7 jackals
  11 quokkas
  3 ball pythons
  9 bats
  4 frilled lizards
  11 kobolds
  A leopard gecko skeleton (D:4)
  A quokka skeleton (D:4)
  2 quokka zombies
  30 rats
  2 fungi (D:2)
  3 plants (D:2)
818 creatures vanquished.

Vanquished Creatures (collateral kills)
  A sphinx (D:13)
  A deep elf archer (Elf:1)
  A molten gargoyle (Lair:1)
  3 trolls
  2 slime creatures (D:13)
  6 yaks
  A fire elemental (Lair:1)
  A warg (Orc:2)
  2 orc warriors
  An ogre (D:13)
  2 centaurs (D:11)
  A lava snake (Lair:1)
  A hound (D:11)
  2 orc wizards (Orc:2)
  A gnoll (D:7)
  An adder (D:9)
  6 orcs
  A fire vortex (Lair:1)
34 creatures vanquished.

Vanquished Creatures (others)
  An imperial myrmidon (Desolation)
  A halazid warlock (Desolation)
  2 ragged hierophants (Desolation)
  A servant of whispers (Desolation)
  2 peacekeepers (Desolation)
  A wizard (D:14)
  A deep elf mage (Elf:1)
  An orc sorcerer (Orc:2)
  A centaur zombie (D:12)
  A guardian serpent (Desolation)
  6 saltlings (Desolation)
  A slime creature (D:13)
  An air elemental (Elf:1)
  An ice beast (D:7)
  2 orc warriors (D:12)
  An orc wizard (D:12)
  2 adders (D:12)
  4 orcs (D:12)
  9 fungi (Lair:6)
  A plant (Lair:4)
  4 starspawn tentacles (Desolation)
  22 toadstools
66 creatures vanquished.

Grand Total: 918 creatures vanquished

Notes
Turn   | Place    | Note
-------+----------+-------------------------------------------
     0 | Abyss:1  | Kylie the Vine Stalker Abyssal Knight began the quest for the Orb.
     0 | Abyss:1  | Reached XP level 1. HP: 11/11 MP: 3/3
    40 | Abyss:2  | Got a twisted robe
    41 | Abyss:2  | Noticed an iron imp
    83 | D:1      | Escaped the Abyss
   378 | D:1      | Identified the +3 robe of Refuge {+Inv MR- MP+9 Str+8} (You found it on level 2 of the Abyss)
   395 | D:1      | Reached XP level 2. HP: 16/16 MP: 4/4
   483 | D:1      | Reached skill level 3 in Fighting
   819 | D:1      | Reached * piety under Lugonu
   854 | D:1      | Reached skill level 1 in Dodging
  1011 | D:1      | Reached XP level 3. HP: 20/20 MP: 5/5
  1182 | D:2      | Reached skill level 1 in Stealth
  1182 | D:2      | Gained mutation: Your natural rate of healing is unusually fast. [Vine Stalker growth]
  1182 | D:2      | Reached XP level 4. HP: 18/24 MP: 6/6
  1240 | D:2      | Found a burning altar of Makhleb.
  1242 | D:2      | Found an ancient bone altar of Kikubaaqudgha.
  1242 | D:2      | Found a basalt altar of Yredelemnul.
  1288 | D:2      | Found a blossoming altar of Fedhas.
  1311 | D:2      | Noticed an oklob plant
  1571 | D:2      | Found a stormy altar of Qazlal.
  1590 | D:2      | Found a glowing golden altar of the Shining One.
  1852 | D:3      | Reached ** piety under Lugonu
  2050 | D:3      | Reached XP level 5. HP: 28/28 MP: 7/7
  2304 | D:3      | Reached skill level 1 in Shields
  2441 | D:4      | Reached skill level 1 in Evocations
  2449 | D:4      | Reached XP level 6. HP: 23/33 MP: 8/9
  3340 | D:5      | Entered Level 5 of the Dungeon
  3340 | D:5      | Found a snail-covered altar of Cheibriados.
  3358 | D:5      | Found a shimmering altar of Xom.
  3401 | D:5      | Reached XP level 7. HP: 27/37 MP: 10/10
  3407 | D:5      | Reached *** piety under Lugonu
  3420 | D:5      | Found a glowing drain.
  3424 | Sewer    | Entered a sewer
  3455 | Sewer    | Noticed Purgy
  3474 | Sewer    | Killed Purgy
  3757 | D:5      | Reached skill level 4 in Fighting
  3810 | D:5      | Found a shadowy altar of Dithmenos.
  4103 | D:6      | Found Cyhuare's Serpentskin Sales.
  4174 | D:6      | Gained mutation: You have razor-sharp teeth. [Vine Stalker growth]
  4174 | D:6      | Reached XP level 8. HP: 41/42 MP: 11/11
  4209 | D:6      | Reached **** piety under Lugonu
  4834 | D:7      | Found a deep blue altar of Sif Muna.
  4909 | D:7      | Reached skill level 1 in Spellcasting
  4910 | D:7      | Reached ***** piety under Lugonu
  4948 | D:7      | Reached skill level 5 in Long Blades
  4948 | D:7      | Reached XP level 9. HP: 20/46 MP: 13/13
  5269 | D:7      | Found a staircase to the Ecumenical Temple.
  5525 | D:7      | Got a wizard robe
  5536 | D:7      | Identified the +1 robe of Vuxouduk {+Inv Regen+ Str+5 Dex-3} (You found it on level 7 of the Dungeon)
  5784 | D:8      | Reached skill level 5 in Fighting
  5904 | D:8      | Reached skill level 5 in Invocations
  6001 | D:8      | Got a slimy ring mail
  6017 | D:8      | Identified the +4 ring mail "Evyt" {MR+ Stlth+} (You found it on level 8 of the Dungeon)
  6073 | D:8      | Reached XP level 10. HP: 7/51 MP: 5/14
  6211 | D:8      | Identified the Collected Works on Excruciating Cold
  6367 | D:9      | Noticed a cyclops
  6380 | D:9      | Killed a cyclops
  6665 | D:9      | Found a hazy altar of Hepliaklqana.
  6690 | D:9      | Noticed a purple ugly thing
  6710 | D:9      | Killed a purple ugly thing
  7001 | D:10     | Entered Level 10 of the Dungeon
  7026 | D:9      | Reached skill level 5 in Stealth
  7245 | D:10     | Found Goata's Gadget Shoppe.
  7329 | D:10     | Reached XP level 11. HP: 56/56 MP: 14/16
  7349 | D:10     | Reached skill level 6 in Fighting
  7352 | D:10     | Noticed Maurice
  7383 | D:10     | Killed Maurice
  7442 | D:10     | Noticed a two-headed ogre
  7489 | D:9      | Killed a two-headed ogre
  7489 | D:9      | Reached skill level 5 in Shields
  7616 | D:10     | Killed an unseen horror
  7662 | D:10     | Noticed Psyche
  7668 | D:10     | Reached skill level 5 in Armour
  7675 | D:10     | Reached skill level 1 in Axes
  7675 | D:10     | Reached skill level 5 in Evocations
  7677 | D:10     | Killed Psyche
  7769 | D:10     | Found a sacrificial altar of Ru.
  7962 | D:10     | Noticed Gastronok
  7987 | D:10     | Killed Gastronok
  8020 | D:10     | Reached skill level 5 in Dodging
  8063 | D:10     | Noticed Joseph
  8095 | D:10     | Killed Joseph
  8344 | D:11     | Reached ****** piety under Lugonu
  8374 | D:11     | Found a staircase to the Orcish Mines.
  8462 | D:11     | Gained mutation: You heal very quickly. [Vine Stalker growth]
  8462 | D:11     | Reached XP level 12. HP: 33/62 MP: 13/18
  8547 | D:11     | Noticed a two-headed ogre
  8557 | D:11     | Killed a two-headed ogre
  8594 | D:11     | Found a staircase to the Lair.
  8595 | D:11     | Noticed a two-headed ogre
  8620 | D:11     | Killed a two-headed ogre
  8843 | D:11     | Found a hide-covered altar of Uskayaw.
  8970 | D:11     | Noticed a two-headed ogre
  8979 | D:11     | Killed a two-headed ogre
  9584 | D:11     | Reached skill level 7 in Fighting
 10502 | D:12     | Noticed a four-headed hydra
 10517 | D:12     | Killed a seven-headed hydra
 10558 | D:12     | Reached skill level 10 in Stealth
 10622 | D:12     | Reached XP level 13. HP: 61/67 MP: 20/20
 10950 | D:13     | Got a heavily runed leather armour
 10952 | D:13     | Identified the +1 leather armour of Wethraad {Str+4 Int+4} (You found it on level 13 of the Dungeon)
 11166 | D:13     | Noticed a sphinx
 11168 | D:13     | Found a bloodstained altar of Trog.
 11169 | D:13     | Noticed an ettin
 11174 | D:13     | Found a glowing silver altar of Zin.
 11180 | D:13     | Killed a sphinx
 11252 | D:13     | Killed an ettin
 12425 | D:14     | Learned a level 3 spell: Mephitic Cloud
 12662 | D:14     | Reached skill level 1 in Air Magic
 12668 | D:14     | Reached skill level 1 in Conjurations
 12668 | D:14     | Reached skill level 1 in Poison Magic
 12774 | D:14     | Found a gate to the Vaults.
 13081 | Lair:1   | Entered Level 1 of the Lair of Beasts
 13375 | Lair:1   | Reached XP level 14. HP: 65/72 MP: 18/22
 13551 | Lair:1   | Found a labyrinth entrance.
 13558 | Lab      | Entered a labyrinth
 14050 | Lab      | Got an encrusted chain mail
 14053 | Lab      | Identified the +1 chain mail of Wadunn {rPois rCorr} (You found it in a labyrinth)
 14056 | Lab      | Reached skill level 9 in Fighting
 14056 | Lab      | Reached XP level 15. HP: 80/80 MP: 23/23
 14529 | Lab      | Got a fine platinum amulet
 14530 | Lab      | Got an ancient morningstar {crush}
 14537 | Lab      | Identified the Compendium of the Arsonist and Cold
 14550 | Lair:1   | Identified the +8 morningstar of Cyilego {crush, rF+ rC+ MR+ Dex-5} (You took it off a minotaur in a labyrinth)
 14924 | Lair:2   | Reached skill level 1 in Maces & Flails
 14924 | Lair:2   | Reached skill level 10 in Invocations
 14956 | Lair:2   | Reached skill level 10 in Fighting
 15025 | Lair:2   | Learned a level 6 spell: Freezing Cloud
 15029 | Lair:2   | Identified the amulet of Ocoluro {Regen+ Str+2} (You took it off a minotaur in a labyrinth)
 15095 | Lair:2   | Found a hole to the Spider Nest.
 15657 | Lair:3   | Noticed Sonja
 15661 | Lair:3   | Killed Sonja
 15973 | Lair:3   | Found a staircase to the Shoals.
 16603 | Lair:4   | Reached skill level 5 in Maces & Flails
 16683 | Lair:4   | Noticed Nessos
 16704 | Lair:4   | Killed Nessos
 17703 | Lair:6   | Entered Level 6 of the Lair of Beasts
 17704 | Lair:6   | Reached skill level 11 in Fighting
 18019 | Lair:6   | Found a sparkling altar of Nemelex Xobeh.
 18341 | Lair:6   | Paralysed by a hornet for 1 turns
 18376 | Lair:6   | Reached XP level 16. HP: 87/87 MP: 24/24
 19178 | D:12     | You fall through a shaft for 3 floors!
 19178 | D:15     | Entered Level 15 of the Dungeon
 19178 | D:15     | Found a staircase to the Depths.
 19449 | D:15     | Reached skill level 10 in Maces & Flails
 19671 | D:15     | Reached skill level 12 in Fighting
 20049 | Orc:1    | Entered Level 1 of the Orcish Mines
 20049 | Orc:1    | Found a roughly hewn altar of Beogh.
 20137 | Orc:2    | Entered Level 2 of the Orcish Mines
 20406 | Orc:2    | Gained mutation: Your body sometimes deteriorates upon taking damage. [a neqoxec]
 20490 | Orc:2    | Found a staircase to the Elven Halls.
 20719 | Orc:2    | Found a burning altar of Makhleb.
 20951 | Orc:2    | Found Hengor's Magic Scroll Boutique.
 20951 | Orc:2    | Found Jeigekh's Antique Weapon Emporium.
 20953 | Orc:2    | Found Enuimuh's Jewellery Boutique.
 20953 | Orc:2    | Found Yfext's Antique Weapon Emporium.
 20992 | Orc:2    | Bought a scroll of identify for 30 gold pieces
 20992 | Orc:2    | Bought a scroll of identify for 30 gold pieces
 21216 | Orc:2    | Bought the ring "Zait" {rCorr rPois} for 312 gold pieces
 21274 | Elf:1    | Entered Level 1 of the Elven Halls
 21541 | Elf:1    | Noticed Azrael
 21686 | Elf:1    | Found a ruined gateway.
 21698 | Elf:1    | Lost mutation: Your body sometimes deteriorates upon taking damage. [potion of mutation]
 21698 | Elf:1    | Gained mutation: You are dopey. (Int -2) [potion of mutation]
 21698 | Elf:1    | Gained mutation: Your flesh is heat resistant. (rF+) [potion of mutation]
 21700 | Desolati | Entered the Desolation of Salt
 21817 | Desolati | Reached XP level 17. HP: 45/94 MP: 13/25
 21926 | Desolati | Corrupted Desolation
 21926 | Desolati | Noticed a tentacled starspawn
 21947 | Desolati | Noticed a bone dragon
 21959 | Desolati | Got an ancient ivory ring
 21960 | Desolati | Identified the ring "Ynkaigol" {+Inv Str+3 Dex+3 SInv} (You found it in the Desolation of Salt)
 21967 | Desolati | Noticed an Executioner
 21971 | Desolati | Identified Ohuudgh's Papyrus of Mutagenic Lightness
 21980 | Desolati | Identified the Catalogue of Icy Dislocation
 21989 | Desolati | Got a transparent short sword
 21990 | Desolati | Identified the cursed +2 short sword of Abuse {vamp, -Tele +Fly Int+4} (You found it in the Desolation of Salt)
 22400 | Desolati | Got a scintillating golden ring
 22555 | Desolati | HP: 3/94 [saltling (18)]
 22722 | Desolati | Found the +8 mithril axe "Arga" {speed, MR+}
 22754 | Desolati | HP: 3/94 [peacekeeper (14)]
 22754 | Desolati | Slain by a peacekeeper

Skill      XL: |  1  2  3  4  5  6  7  8  9 10 11 12 13 14 15 16 17 |
---------------+----------------------------------------------------+-----
Invocations    | 2 3 4 5 7 8 9 10 | 10.6
Fighting       | 3 4 5 6 7 9 11 12 | 12.7
Dodging        | 1 2 3 4 5 6 7 |  7.5
Long Blades    | 2 3 5 6 7 8 |  8.9
Stealth        | 1 2 5 8 10 11 | 11.1
Armour         | 2 3 4 5 6 7 |  7.7
Shields        | 1 2 3 4 5 6 7 |  7.1
Evocations     | 1 2 3 4 5 6 7 8 |  8.0
Spellcasting   | 1 2 3 |  3.0
Axes           | 1 |  1.2
Air Magic      | 2 |  2.6
Conjurations   | 2 |  2.6
Poison Magic   | 2 |  2.6
Maces & Flails | 8 10 11 | 11.3

Action                   |  1- 3 |  4- 6 |  7- 9 | 10-12 | 13-15 | 16-18 || total
-------------------------+-------+-------+-------+-------+-------+-------++-------
Melee: Falchion          |    53 |   241 |   368 |   773 |   770 |       ||  2205
       Bite              |    18 |   135 |   153 |   427 |   541 |   277 ||  1551
       War axe           |       |       |       |    20 |       |       ||    20
       Morningstar       |       |       |       |       |   317 |   803 ||  1120
Throw: Throwing net      |       |       |       |     1 |       |     3 ||     4
 Cast: Mephitic Cloud    |       |       |       |       |     1 |     1 ||     2
Invok: Depart the Abyss  |     1 |       |       |       |       |       ||     1
       Bend Space        |       |       |       |       |       |     7 ||     7
       Banish            |       |       |       |       |       |     4 ||     4
       Corrupt           |       |       |       |       |       |     1 ||     1
Evoke: Wand              |       |       |    13 |    36 |    30 |    29 ||   108
       Fan of gales      |       |       |       |     1 |       |     1 ||     2
       Lightning rod     |       |       |       |       |     7 |    16 ||    23
       Sack of spiders   |       |       |       |       |     2 |     8 ||    10
       Phantom mirror    |       |       |       |       |       |     1 ||     1
  Use: Potion            |       |       |     1 |       |     4 |     9 ||    14
       Scroll            |       |       |     1 |     2 |    33 |    17 ||    53
 Stab: Sleeping          |       |     2 |     1 |    23 |    46 |     5 ||    77
       Paralysed         |       |       |     9 |    28 |       |       ||    37
       Distracted        |       |       |       |     3 |     7 |     5 ||    15
       Betrayed ally     |       |       |       |       |     1 |       ||     1
       Confused          |       |       |       |       |     1 |       ||     1
       Invisible         |       |       |       |       |     1 |       ||     1
  Eat: Chunk             |     1 |     7 |    12 |    17 |    20 |     7 ||    64
       Ration            |       |       |       |       |     2 |     3 ||     5
Armor: Robe              |    25 |    51 |    94 |       |       |       ||   170
       Ring mail         |       |       |     8 |   288 |   330 |   274 ||   900
       Leather armour    |       |       |     1 |       |       |       ||     1
Dodge: Dodged            |    29 |    81 |   232 |   575 |   799 |   645 ||  2361
Block: Buckler           |     6 |    31 |    97 |   195 |   370 |   313 ||  1012
       Rpst.: Falchion   |     8 |    25 |    57 |   144 |   137 |       ||   371
